 Dungeon Sprint DCSS version 0.29-a0-551-gffc1d7fb78 (webtiles) character file.

Game seed: 574649764217513478

0 rocky1 the Grave Robber (level 1, 0/13 HPs)
             Began as a Demonspawn Necromancer on June 5, 2022.
             Slain by an ufetubus (3 damage)
             ... in the Dungeon (Sprint VII: "The Pits").
             The game lasted 00:00:24 (26 turns).

rocky1 the Grave Robber (Demonspawn Necromancer)      Turns: 26, Time: 00:00:24

Health: 0/13       AC:  2    Str:  8    XL:     1   Next: 8%
Magic:  2/3        EV: 12    Int: 16    God:
Gold:   0          SH:  0    Dex: 13    Spells: 3/4 levels left

rFire   . . .      SeeInvis .   (no weapon)
rCold   . . .      Faith    .   (no shield)
rNeg    . . .      Spirit   .   a - +0 robe
rPois   .          Reflect  .   (no helmet)
rElec   .          Harm     .   (no cloak)
rCorr   .          Rampage  .   (no gloves)
Will    .....      NoTele   +   (no boots)
Stlth   ++........              (no amulet)
HPRegen 0.04/turn               (no ring)
MPRegen 0.08/turn               (no ring)

@: no status effects
A: no striking features
a: no special abilities


You were in the Dungeon.
You visited 1 branch

Inventory:

Armour
 a - a +0 robe (worn)
Scrolls
 g - a scroll of blinking
Potions
 b - 3 potions of magic
 c - a potion of curing
 d - a potion of heal wounds
 e - a potion of haste
 f - a potion of berserk rage


   Skills:
 - Level 1.7 Dodging
 - Level 1.7 Stealth
 - Level 2.0 Spellcasting
 + Level 4.8 Necromancy


You had 3 spell levels left.
You knew the following spells:

 Your Spells              Type           Power      Damage    Failure   Level
a - Necrotize             Necr           64%        1d7       3%          1

Your spell library contained the following spells:

 Spells                   Type           Power      Damage    Failure   Level
 Vampiric Draining        Necr           16%        2d7       9%          3
 Animate Dead             Necr           16%        N/A       28%         4
 Agony                    Necr           16%        N/A       63%         5


Dungeon Overview and Level Annotations

Branches:
Dungeon (1/1)

Altars:


Message History

Aim: a frilled lizard (asleep, chance to affect: 85%)
The frilled lizard hisses angrily.
The frilled lizard writhes in agony.
You kill the frilled lizard!
The dead are walking!
You swap places.
As you open the door, it creaks loudly!
You hear a shout!
An ufetubus comes into view.
An orc comes into view. It is wielding a +0 dagger.
Casting: Necrotize (safe; 3% risk of failure)
Confirm with . or Enter, or press ? or * to list all spells.
Aiming: Necrotize (safe; 3% risk of failure)
Press: ? - help, Shift-Dir - straight line, f - orc
Aim: an orc, wielding a +0 dagger and wearing a +0 leather armour (ally target, chance to affect: 86%)
The orc writhes in agony.
The orc hits your frilled lizard skeleton with a +0 dagger.
Casting: Necrotize (safe; 3% risk of failure)
Confirm with . or Enter, or press ? or * to list all spells.
You can't see any susceptible monsters within range! (Use Z to cast anyway.) Unknown command.
Your frilled lizard skeleton bites the orc but does no damage.
The orc completely misses your frilled lizard skeleton.
The ufetubus hits your frilled lizard skeleton. x2
Your frilled lizard skeleton bites the ufetubus.
The orc hits your frilled lizard skeleton with a +0 dagger.
Your frilled lizard skeleton is destroyed!
Casting: Necrotize (safe; 3% risk of failure)
Confirm with . or Enter, or press ? or * to list all spells.
You can't see any susceptible monsters within range! (Use Z to cast anyway.)
You hit the ufetubus but do no damage.
The ufetubus is lightly wounded.
The ufetubus hits you. x2
You closely miss the ufetubus.
The ufetubus is lightly wounded.
The ufetubus hits you. x2; The ufetubus closely misses you.
The ufetubus hits you. The ufetubus barely misses you. The ufetubus hits you.
* * * LOW HITPOINT WARNING * * *
The ufetubus hits you.
You die...

##########++
#+##...........
+.##......#..#.
##########.##...........
#.......5@..'...........
#+#####o#####......#..#.
...# #........... .....#
####'#####++ ###+###
#.......# #.......#
#.......# #...<...#
#.......#


You could see an orc and an ufetubus.

Vanquished Creatures
  A frilled lizard (D)
1 creature vanquished.

Notes
Turn   | Place    | Note
-------+----------+-------------------------------------------
     0 | D        | rocky1 the Demonspawn Necromancer began the quest for the
                  | Orb.
     0 | D        | Reached XP level 1. HP: 13/13 MP: 3/3
    26 | D        | Slain by an ufetubus

Illustrated notes

Levels and vault maps discovered:
D:        pitsprint [storerooms_1, entrance_room_1, metal_vault_5, armoury_3,
          mini_pit_1, grid_room_1, main_hall_1, silver_pit, the_coven_1,
          the_vestibule_1, steel_vault_5, golden_pit, hallway_of_sentries,
          crystal_vault_2, iron_vault_1, final_vault]

Action                   || total
-------------------------++-------
Melee: Unarmed           ||     2
 Cast: Necrotize         ||     2
Dodge: Dodged            ||     2

Table legend: (Time is in decaauts)
 A = Elapsed time spent in this place.
 B = Non-inter-level travel time spent in this place.
 C = Inter-level travel time spent in this place.
 D = Time resting spent in this place.
 E = Time spent auto-exploring this place.
 F = Levels seen in this place.
 G = Mean time per level.
                   A        B        C        D        E       F      G
               +--------+--------+--------+--------+--------+-----+--------+
         Total |     26 |     26 |      0 |      0 |      0 |   1 |   26.0 |
       Dungeon |     26 |     26 |      0 |      0 |      0 |   1 |   26.0 |
               +--------+--------+--------+--------+--------+-----+--------+

Top non-repeatable levels by time:
       D: 26 daAuts
